 Dungeon Crawl Stone Soup version 0.17.1-1-g73c8601 (webtiles) character file.

928 xsubs0nicx the Covered (level 7, -1/63 HPs)
             Began as a Minotaur Berserker on Dec 20, 2015.
             Was an Initiate of Makhleb.
             Slain by a polar bear (19 damage)
             ... created by the rage of Trog
             ... on level 5 of the Dungeon.
             The game lasted 00:39:59 (3760 turns).

xsubs0nicx the Covered (Minotaur Berserker)         Turns: 3760, Time: 00:39:59

Health: -1/63      AC: 13    Str: 24    XL:     7   Next: 85%
Magic:  6/6        EV:  7    Int:  4    God:    Makhleb [......]
Gold:   301        SH:  0    Dex:  9    Spells: 0 memorised, 6 levels left

rFire  . . .     SeeInvis .     B - +0 morningstar
rCold  . . .     Clarity  .     G - +0 plate armour
rNeg   . . .     SustAt   .     (no shield)
rPois  .         Gourm    .     (helmet restricted)
rElec  .         Spirit   .     (no cloak)
rCorr  .         Warding  .     (no gloves)
rMut   .         Stasis   .     (no boots)
MR     .....                    (no amulet)
Stlth  ..........               (no ring)
                                F - ring of stealth

@: not resistant to hostile enchantments, extremely unstealthy
A: retaliatory headbutt, horns 2
a: Renounce Religion


You were on level 5 of the Dungeon.
You worshipped Makhleb.
Makhleb was noncommittal.
You were hungry.

You visited 2 branches of the dungeon, and saw 6 of its levels.

You collected 301 gold pieces.

Inventory:

Hand Weapons
 a - a +0 hand axe
 f - a cursed -2 dagger
 v - a +0 mace
 B - a +0 morningstar (weapon)
Missiles
 l - 51 arrows
 n - 18 sling bullets of flame
 q - 199 stones (quivered)
 s - 13 sling bullets
 I - 16 arrows of flame
Armour
 e - a +0 cloak
 C - a +1 ring mail of cold resistance
 G - a +0 plate armour (worn)
Jewellery
 F - a ring of stealth (left hand)
Scrolls
 d - 2 scrolls of remove curse {unknown}
 i - 2 scrolls of enchant weapon {unknown}
 m - 7 scrolls of identify
 o - a scroll of random uselessness {unknown}
 p - 3 scrolls of teleportation {unknown}
 w - a scroll of recharging {unknown}
 x - a scroll of fear {unknown}
 z - 2 scrolls of enchant armour {unknown}
 H - a scroll of fog {unknown}
Potions
 b - a potion of invisibility {unknown}
 g - a potion of poison {unknown}
 j - 4 potions of curing {unknown}
 k - 2 potions of lignification {unknown}
 r - a potion of agility {unknown}
 t - 2 potions of degeneration {unknown}
 u - a potion of resistance {unknown}
 D - a potion of magic {unknown}
Books
 y - a book of Necromancy

   Spells                             Type                      Level
   a - Pain                           Necromancy                   1
   b - Animate Skeleton               Necromancy                   1
   c - Vampiric Draining              Necromancy                   3
   d - Regeneration                   Charms/Necromancy            3
   e - Animate Dead                   Necromancy                   4
   f - Control Undead                 Necromancy                   4
Comestibles
 c - 5 bread rations
 h - a royal jelly
 A - 2 beef jerkies
 K - 2 fruits


   Skills:
 + Level 6.2 Fighting
 - Level 3.7(5.3) Axes
 * Level 5.8(6.4) Maces & Flails
 * Level 7.6 Armour
 - Level 2.1 Dodging


You had 6 spell levels left.
You didn't know any spells.

Dungeon Overview and Level Annotations

Branches:
Dungeon (5/15)             Temple (1/1) D:5

Altars:
Ashenzari
Dithmenos
Elyvilon
Fedhas
Makhleb
Nemelex Xobeh
Okawaru
Qazlal
Sif Muna
Trog
Xom
Yredelemnul
Zin
The Shining One


Innate Abilities, Weirdness & Mutations

You reflexively headbutt those who attack you in melee.
You have a pair of horns on your head.


Message History

You headbutt the polar bear, but do no damage.
The polar bear is lightly wounded.
The polar bear bites you. The polar bear barely misses you.
The polar bear barely misses you.
You hear an angry growl. x2
You hit the polar bear.
The polar bear is lightly wounded.
The polar bear bites you!! The polar bear barely misses you.
The polar bear claws you but does no damage.
You hear an angry growl.
The polar bear bites you!
* * * LOW HITPOINT WARNING * * *
The polar bear claws you but does no damage.
The polar bear completely misses you.
The black bear rages.
You hear a shout!
You barely miss the polar bear.
The polar bear is lightly wounded.
The polar bear bites you!!
You die...

≈# §########## #######
§##.......# ######.....#
≈##.......# #......###.#
§##.......# #.###### #.#
§##.......# #.# #.####
≈##.......###### #.# #.#.>...
§##.......##...####.# #.....##
§####'#'####.#hh@...# ########.#
≈####<#......#h######.#........##
##..........[....................
....<..................##...##..#
##############.#####..####.####..
#.# #. #..#'#..##.
#.#####.##.......##.
#..†..#..##.._..##..
#####.##..##...##..#


You could see a polar bear (berserk) and 2 black bears.

Vanquished Creatures
  Purgy (D:3)
  An orc warrior (D:5)
  A black bear (D:5)
  A necrophage (D:5)
  An ogre (D:4)
  2 scorpions (D:5)
  3 orc priests
  A hound (D:5)
  A jelly (D:5)
  An iguana (D:4)
  2 worker ants
  2 orc wizards (D:4)
  The ghost of Illeman the Insei, a weakling MfTm (D:3)
  4 gnolls (D:2)
  4 adders
  A shadow imp (D:5)
  An ooze (D:5)
  2 worms (D:2)
  4 giant geckos
  18 orcs
  2 bats (D:2)
  5 goblins
  10 hobgoblins
  10 jackals
  6 giant cockroaches
  4 giant newts
  4 kobolds
  A quokka (D:4)
  5 rats
99 creatures vanquished.

Notes
Turn   | Place    | Note
--------------------------------------------------------------
     0 | D:1      | xsubs0nicx the Minotaur Berserker began the quest for the Orb.
     0 | D:1      | Reached XP level 1. HP: 19/19 MP: 0/0
   656 | D:1      | Reached XP level 2. HP: 27/27 MP: 1/1
   741 | D:2      | Reached skill level 1 in Maces & Flails
   748 | D:2      | Reached skill level 4 in Fighting
   752 | D:2      | Reached XP level 3. HP: 15/33 MP: 2/2
   764 | D:2      | Reached ** piety under Trog
   914 | D:2      | Reached XP level 4. HP: 25/41 MP: 3/3
  1493 | D:3      | Noticed Purgy
  1512 | D:3      | Killed Purgy
  1512 | D:3      | Reached skill level 5 in Fighting
  1512 | D:3      | Reached skill level 5 in Armour
  1512 | D:3      | Reached XP level 5. HP: 10/48 MP: 4/4
  1777 | D:3      | Found a faded altar to an unknown god.
  2093 | D:3      | Noticed Illeman's ghost (weakling MfTm)
  2130 | D:3      | Killed Illeman's ghost
  2232 | D:3      | Reached XP level 6. HP: 56/56 MP: 5/5
  2401 | D:3      | Found a burning altar of Makhleb.
  2401 | D:3      | Noticed a cacodemon
  2405 | D:3      | Noticed a ynoxinul
  2405 | D:3      | Noticed a ynoxinul
  2642 | D:4      | Reached skill level 6 in Armour
  2810 | D:4      | Reached *** piety under Trog
  3275 | D:5      | Entered Level 5 of the Dungeon
  3284 | D:5      | Reached XP level 7. HP: 62/62 MP: 6/6
  3299 | D:5      | Reached skill level 7 in Armour
  3317 | D:5      | Found a shimmering altar of Xom.
  3317 | D:5      | Found a shimmering altar of Xom.
  3318 | D:5      | Found a shimmering altar of Xom.
  3318 | D:5      | Found a shimmering altar of Xom.
  3323 | D:5      | Found a staircase to the Ecumenical Temple.
  3333 | Temple   | Entered the Ecumenical Temple
  3355 | Temple   | Fell from the grace of Trog
  3355 | Temple   | Became a worshipper of Makhleb the Destroyer
  3475 | D:5      | Reached skill level 5 in Maces & Flails
  3715 | D:5      | Found a sparkling altar of Nemelex Xobeh.
  3753 | D:5      | Noticed a polar bear
  3753 | D:5      | Noticed a polar bear
  3760 | D:5      | Slain by a polar bear

Action                   |  1- 3 |  4- 6 |  7- 9 || total
-------------------------+-------+-------+-------++-------
Melee: Hand axe          |    64 |    13 |       ||    77
       Mace              |       |    79 |       ||    79
       Morningstar       |       |    61 |    54 ||   115
Invok: Trog's Hand       |     1 |       |     1 ||     2
  Use: Scroll            |       |     2 |       ||     2
  Eat: Chunk             |       |     3 |     1 ||     4
       Meat ration       |       |     1 |       ||     1
